 Dungeon Crawl Stone Soup version 0.30-a0-1066-g63dfefce0d (webtiles) character file.

Game seed: 10398182042860312482

15165 jasper the Warrior (level 12, -10/98 (103) HPs)
             Began as a Djinni Venom Mage on Apr 12, 2023.
             Was a Priest of Ru.
             Mangled by a two-headed ogre
             ... wielding a +0 giant spiked club
              (30 damage)
             ... on level 2 of the Orcish Mines.
             The game lasted 00:20:22 (12735 turns).

jasper the Warrior (Djinni Venom Mage)             Turns: 12735, Time: 00:20:22

HP:   -10/98 (103)  AC:  5    Str: 13    XL:     12   Next: 54%
Gold: 929           EV: 15    Int: 21    God:    Ru [***...] SH:  5 Dex: 15

rFire   + + +      SeeInvis .    q - staff of poison
rCold   . . .      Faith    .    (no shield)
rNeg    . . .      Spirit   .    a - +0 robe
rPois   ∞          Reflect  +    C - +2 hat
rElec   .          Rampage  .    v - scarf {rC+ rF+}
rCorr   +                        u - +0 pair of gloves
Will    +....                    (boots unavailable)
Stlth   ++                       J - amulet of reflection
HPRegen 0.36/turn                w - +6 ring of strength
MPRegen 0.00/turn                L - ring of resist corrosion

@: exhausted, flying, lightly drained
A: sickness immunity, fire resistance 2, cold vulnerability 1, inability to use
devices, inability to train armour, float, innate caster, HP casting, extra
vitality 1
a: Renounce Religion, Draw Out Power


You were on level 2 of the Orcish Mines.
You worshipped Ru.
Ru was most pleased with you.
You visited 2 branches of the dungeon, and saw 11 of its levels.

You collected 929 gold pieces.

Inventory:

Hand Weapons
 d - a +0 club of protection
 f - a +3 whip of electrocution
 k - the +6 short sword "Coevuish" {drain, rPois Stlth+}
   (You found it on level 2 of the Dungeon)

   rPois:     It protects you from poison.
   Stlth:     It makes you more stealthy.
Missiles
 O - 3 throwing nets
Armour
 a - a +0 robe (worn)
 g - a scarf of harm
 l - a +1 helmet
 u - a +0 pair of gloves (worn)
 v - a scarf of resistance (worn)
 y - a +0 tower shield
 C - a +2 hat (worn)
Magical Staves
 q - a staff of poison (weapon)
 A - a staff of conjuration
Jewellery
 s - a ring of fire
 w - a +6 ring of strength (left hand)
 J - an amulet of reflection (around neck)
 L - a ring of resist corrosion (right hand)
Wands
 o - a wand of flame (12)
 x - a wand of iceblast (11)
 I - a wand of quicksilver (9)
 M - a wand of paralysis (3)
Scrolls
 c - a scroll of silence
 h - 2 scrolls of poison
 j - 5 scrolls of teleportation
 z - a scroll of brand weapon
 B - a scroll of enchant armour
 F - a scroll of enchant weapon
 G - 2 scrolls of magic mapping
Potions
 b - 2 potions of flight
 i - 3 potions of lignification
 n - 2 potions of resistance
 p - a potion of mutation
 r - 3 potions of berserk rage
 E - a potion of magic
 K - a potion of degeneration
 N - 2 potions of brilliance
 P - a potion of attraction


   Skills:
 - Level 16.2 Fighting
 + Level 7.4 Dodging
 - Level 1.5 Stealth
 - Level 7.0 Spellcasting


You knew the following spells:

 Your Spells              Type           Power      Damage    Failure   Level
a - Sting                 Tmut/Pois      100%       1d8       1%          1
b - Poisonous Vapours     Pois/Air       100%       N/A       1%          2
c - Mephitic Cloud        Conj/Pois/Air  53%        N/A       1%          3
d - Olgreb's Toxic Radia  Pois           53%        N/A       4%          4
e - Apportation           Tloc           72%        N/A       1%          1
f - Searing Ray           Conj           72%        2d7       1%          2
g - Call Canine Familiar  Summ           36%        N/A       1%          3
h - Fulminant Prism       Conj/Hex       18%        3d11      4%          4
i - Summon Lightning Spi  Summ/Air       36%        N/A       4%          4
Your spell library was empty.

Dungeon Overview and Level Annotations

Branches:
Dungeon (9/15)             Temple (0/1) D:7             Orc (2/2) D:9
    Elf (0/3) Orc:2
   Lair: D:8-11

Altars:
Cheibriados
Dithmenos
Fedhas
Gozag
Okawaru
Ru
Trog
Wu Jian
The Shining One

Shops:
D:4 :   D:8 *


Innate Abilities, Weirdness & Mutations

You are immune to sickness and miasma.
You are immune to poison.
Your flesh is very heat resistant. (rF++)
You are vulnerable to cold. (rC-)
You cannot study or use magical devices.
You cannot train Armour skill.
You float through the air rather than walking.
You learn spells naturally, not from books.
Your magical power is your life essence.
You have superior vitality. (+4 MHP)


Message History

Casting: Mephitic Cloud (safe; 1% risk of failure)
Confirm with . or Enter, or press ? or * to list all spells.
You feel a surge of power!
You begin to radiate toxic energy.
The two-headed ogre is poisoned.
* * * LOW HITPOINT WARNING * * *
You kill the troll!
The two-headed ogre is engulfed in noxious fumes.
You block the two-headed ogre's attack.
The two-headed ogre hits you with a +0 giant spiked club!!
* * * LOW HITPOINT WARNING * * *
You take 27 damage, and have 3/103 hp.
MASSIVE DAMAGE!!
Okay, then.
You feel much better.
The two-headed ogre is engulfed in noxious fumes.
The two-headed ogre hits you with a +0 giant spiked club!!
* * * LOW HITPOINT WARNING * * *
The two-headed ogre barely misses you.
You regained 2 hp, and now have 5/103 hp.
You feel much better.
Your toxic aura wanes.
You regained 19 hp, and now have 24/103 hp.
You are restored by drawing out deep reserves of power within.
You feel drained.
The two-headed ogre is stunned by your conviction and fails to attack.
You regained 20 hp, and now have 44/98 hp.
Casting: Olgreb's Toxic Radiance (dangerous; 4% risk of failure)
Confirm with . or Enter, or press ? or * to list all spells.
Aiming: Mephitic Cloud (safe; 1% risk of failure)
Press: ? - help, Shift-Dir - straight line, f - two-headed ogre
Aim: a two-headed ogre, wielding two +0 giant spiked clubs (lightly wounded, poisoned, chance to affect: 53%)
You feel a surge of power!
The ball explodes into a vile cloud!
The stinking cloud engulfs the two-headed ogre but does no damage.
The two-headed ogre is lightly wounded.
The stinking cloud engulfs you but does no damage.
You hear a shout!
You hear two shouts! x2
The two-headed ogre is engulfed in noxious fumes.
The two-headed ogre hits you with a +0 giant spiked club!!
* * * LOW HITPOINT WARNING * * *
The two-headed ogre hits you with a +0 giant spiked club!!
You die...

### ### #### ######## ####
##.###.###....##.#..#.##
...###...#...#..............##
.........#...................##
........<................#....#
................)..[..[<.....##
.......................)).....#.
.......[...[............))......
...............○@§§....[.)......
..........)..).°☼O...[.........#
$...............°☼§..[.[).......
..)).....)..>.##.....#......##..
........)....#[......[#.)..... .
............#[.......##........
.........#.#)......#.#.........
.........##.#...#..............
..#...........................


You could see a two-headed ogre (poisoned).

Vanquished Creatures
  Gastronok (Orc:1)
  A two-headed ogre (D:9)
  An orc sorcerer (Orc:1)
  Pikel (D:9)
  A gargoyle (D:8)
  A cane toad (shapeshifter) (D:8)
  4 trolls
  Prince Ribbit (D:7)
  A wraith (D:8)
  5 yaks (D:8)
  Grum (D:8)
  A steam dragon (D:7)
  A warg (D:9)
  4 ice beasts
  3 sky beasts
  A black bear (D:7)
  14 orc warriors
  14 ogres
  2 wolves (D:8)
  A centaur (D:8)
  A lemure (D:9)
  3 kobold brigands
  2 bullfrogs
  3 scorpions
  16 wights
  15 killer bees
  4 howler monkeys
  A quasit (D:7)
  A jelly (D:6)
  A gnoll bouda (D:6)
  11 orc priests
  3 hounds
  A sleepcap (D:4)
  7 orc wizards
  Robin (D:2)
  4 gnolls
  9 adders
  2 shadow imps
  5 white imps
  2 ufetubi
  4 worms
  A dart slug (D:2)
  54 orcs
  5 bats
  10 endoplasms
  13 goblins
  12 hobgoblins
  3 jackals (D:5)
  5 quokkas
  11 ball pythons
  4 frilled lizards
  18 kobolds
  2 rats (D:3)
293 creatures vanquished.

Vanquished Creatures (collateral kills)
  An ettin (Orc:1)
  Harold (D:9)
  2 orc high priests (Orc:1)
  4 wargs
  A water moccasin (D:8)
  An ice beast (D:8)
  An ogre (Orc:2)
  A jelly (D:7)
  A white imp (D:8)
  An ufetubus (D:7)
  A kobold (D:8)
15 creatures vanquished.

Vanquished Creatures (others)
  A wizard (D:3)
  An ogre (Orc:1)
  An orc wizard (Orc:2)
  3 demonic plants (D:7)
  10 fulminant prisms
16 creatures vanquished.

Grand Total: 324 creatures vanquished

Notes
Turn   | Place    | Note
-------+----------+-------------------------------------------
     0 | D:1      | jasper the Djinni Venom Mage began the quest for the Orb.
     0 | D:1      | jasper set off with the following spells memorised: Sting,
                  | Poisonous Vapours, Mephitic Cloud, Olgreb's Toxic Radiance.
     0 | D:1      | Reached XP level 1. HP: 15/15 MP: 0/0
   287 | D:1      | Reached XP level 2. HP: 20/21 MP: 0/0
   400 | D:1      | Reached XP level 3. HP: 24/25 MP: 0/0
   400 | D:1      | Learned a level 1 spell: Apportation
   467 | D:1      | Found a faded altar of an unknown god.
  1309 | D:2      | Identified the +6 short sword "Coevuish" {drain, rPois
                  | Stlth+}
  1359 | D:2      | Reached XP level 4. HP: 27/31 MP: 0/0
  1486 | D:2      | Noticed Robin
  1502 | D:2      | Killed Robin
  1859 | D:2      | Reached XP level 5. HP: 23/35 MP: 0/0
  1859 | D:2      | Learned a level 2 spell: Searing Ray
  2406 | D:3      | Found a shadowy altar of Dithmenos.
  2644 | D:3      | Reached XP level 6. HP: 39/40 MP: 0/0
  2899 | D:3      | Found a bloodstained altar of Trog.
  2900 | D:3      | Noticed a wizard
  2906 | D:3      | Killed a wizard
  3011 | D:4      | Noticed an ogre
  3028 | D:4      | Killed an ogre
  3029 | D:4      | Reached skill level 5 in Spellcasting
  3089 | D:4      | Reached XP level 7. HP: 45/45 MP: 0/0
  3089 | D:4      | Learned a level 3 spell: Call Canine Familiar
  3910 | D:4      | Reached XP level 8. HP: 22/50 MP: 0/0
  4056 | D:4      | Found Coxuzec's Book Shoppe.
  4635 | D:5      | Entered Level 5 of the Dungeon
  4746 | D:5      | Found a glowing golden altar of the Shining One.
  5160 | D:5      | Found an iron altar of Okawaru.
  5385 | D:5      | Reached skill level 1 in Fighting
  5465 | D:5      | Found a snail-covered altar of Cheibriados.
  6042 | D:6      | Reached skill level 2 in Fighting
  6110 | D:6      | Reached skill level 3 in Fighting
  6235 | D:6      | Reached skill level 4 in Fighting
  6240 | D:6      | Reached skill level 5 in Fighting
  6401 | D:6      | Reached skill level 6 in Fighting
  6401 | D:6      | Reached XP level 9. HP: 29/66 MP: 0/0
  6401 | D:6      | Learned a level 4 spell: Fulminant Prism
  6587 | D:6      | Found a sacrificial altar of Ru.
  6597 | D:6      | Became a worshipper of Ru the Awakened
  6773 | D:6      | Reached skill level 7 in Fighting
  7061 | D:6      | Found an ornate altar of the Wu Jian Council.
  7298 | D:7      | Reached skill level 8 in Fighting
  7476 | D:7      | Found a staircase to the Ecumenical Temple.
  7674 | D:7      | Reached skill level 9 in Fighting
  7720 | D:7      | Reached XP level 10. HP: 22/80 MP: 0/0
  7721 | D:7      | Noticed Prince Ribbit
  7732 | D:7      | Reached skill level 10 in Fighting
  7733 | D:7      | Killed Prince Ribbit
  7760 | D:7      | HP: 4/81 [troll (9)]
  8090 | D:7      | Reached skill level 11 in Fighting
  8278 | D:7      | Gained mutation: You cannot train Armour skill. [Ru
                  | sacrifice]
  8278 | D:7      | Reached * piety under Ru
  8307 | D:7      | Found a blossoming altar of Fedhas.
  8703 | D:8      | Noticed Grum
  8710 | D:8      | Killed Grum
  8966 | D:8      | Reached skill level 12 in Fighting
  9072 | D:8      | Found an opulent altar of Gozag.
  9074 | D:8      | Found Gozag's Platinum Reserve.
  9436 | D:8      | Noticed a cane toad
  9444 | D:8      | Killed a cane toad
  9445 | D:8      | Reached skill level 13 in Fighting
  9445 | D:8      | Reached XP level 11. HP: 60/92 MP: 0/0
  9445 | D:8      | Learned a level 4 spell: Summon Lightning Spire
 10410 | D:9      | Found a staircase to the Orcish Mines.
 10422 | D:9      | Noticed a two-headed ogre
 10431 | D:9      | Killed a two-headed ogre
 10432 | D:9      | Reached skill level 14 in Fighting
 10847 | D:9      | Noticed Harold
 10862 | D:9      | Noticed Pikel
 10866 | D:9      | Killed Harold
 10872 | D:9      | Killed Pikel
 11297 | Orc:1    | Entered Level 1 of the Orcish Mines
 11305 | Orc:1    | Reached skill level 15 in Fighting
 11306 | Orc:1    | Noticed an orc high priest
 11307 | Orc:1    | Noticed an orc sorcerer
 11312 | Orc:1    | Killed an orc high priest
 11314 | Orc:1    | Killed an orc sorcerer
 11551 | Orc:1    | Noticed an orc high priest
 11554 | Orc:1    | Noticed a soul eater
 11557 | Orc:1    | Killed an orc high priest
 11563 | Orc:1    | Reached XP level 12. HP: 74/103 MP: 0/0
 11657 | Orc:1    | Gained mutation: You cannot study or use magical devices.
                  | [Ru sacrifice]
 11657 | Orc:1    | Reached ** piety under Ru
 11657 | Orc:1    | Reached *** piety under Ru
 11701 | Orc:1    | Noticed an ettin
 11717 | Orc:1    | Killed an ettin
 11718 | Orc:1    | Reached skill level 16 in Fighting
 11986 | Orc:1    | Noticed Gastronok
 12006 | Orc:1    | Killed Gastronok
 12007 | Orc:1    | Reached skill level 5 in Dodging
 12241 | Orc:2    | Entered Level 2 of the Orcish Mines
 12473 | Orc:2    | Found a staircase to the Elven Halls.
 12725 | Orc:2    | Noticed a two-headed ogre
 12731 | Orc:2    | HP: 3/103 [two-headed ogre/+0 giant spiked club (23)]
 12735 | Orc:2    | Mangled by a two-headed ogre

Illustrated notes

Levels and vault maps discovered:
D:1:      heliophobic_arrival_glass_houses, layout_basic,
          dreamdust_ecumenical_altar_statues
D:2:      layout_rooms, uniq_robin
D:3:      layout_rooms, trog_wizard, amcnicky_altar_gilded, lemuel_tele_altar,
          minmay_statues_item
D:4:      layout_basic, serial_shops, nicolae_shop_hallway_plus,
          hangedman_feature_mirror
D:5:      layout_basic, general_overflow_altar, mainiacjoe_overflow_24_doors,
          mainiacjoe_overflow_cross_hatched
D:6:      layout_loops_ring, lemuel_coloured_pillars_altar,
          overflow_temple_1_default, cheibrodos_sewer_entry_bend
D:7:      layout_loops_cross, fedhas_altar_fruit_tree, minmay_temple_entry_mist,
          serial_demonic, serial_demonic_g, serial_demonic_c, serial_demonic_d,
          serial_demonic_d, uniq_prince_ribbit1
D:8:      minmay_diamond_stairs, layout_loops_ring,
          nicolae_gozag_zags_fifth_avenue, nicolae_elevator_lobby_plus,
          uniq_grum
D:9:      layout_cave_pools, david_orc_3, uniq_pikel, uniq_harold
Orc:1:    layout_caves, uniq_gastronok
Orc:2:    st_orc_open, layout_caves, serial_shops, nicolae_shop_waterfront,
          hellmonk_bongcloud_opening, nicolae_orc_rockfall,
          nicolae_orc_sculptors_studio

Skill      XL: |  1  2  3  4  5  6  7  8  9 10 11 12 |
---------------+-------------------------------------+-----
Spellcasting   | 3 4 5 6 7 |  7.0
Fighting       | 6 9 13 15 16 | 16.2
Dodging        | 7 |  7.4
Stealth        | |  1.5

Action                     |  1- 3 |  4- 6 |  7- 9 | 10-12 || total
---------------------------+-------+-------+-------+-------++-------
  Melee: Club              |     7 |       |       |       ||     7
         Unarmed           |     3 |       |     8 |       ||    11
         Whip              |    21 |    10 |       |       ||    31
         Staff             |       |    42 |    62 |    73 ||   177
         Punch             |       |       |       |     3 ||     3
   Cast: Sting             |    28 |    23 |    37 |     7 ||    95
         Poisonous Vapours |    17 |    25 |    25 |    53 ||   120
         Apportation       |     3 |       |       |       ||     3
         Olgreb's Toxic Ra |       |     4 |    21 |    68 ||    93
         Searing Ray       |       |       |    13 |    10 ||    23
         Call Canine Famil |       |       |     2 |     3 ||     5
         Fulminant Prism   |       |       |     6 |     4 ||    10
         Mephitic Cloud    |       |       |     2 |    11 ||    13
         Summon Lightning  |       |       |       |     9 ||     9
 Invoke: Sacrifice Durabil |       |       |       |     1 ||     1
         Draw Out Power    |       |       |       |     1 ||     1
         Sacrifice Artific |       |       |       |     1 ||     1
  Evoke: Wand              |       |     7 |     1 |    11 ||    19
    Use: Potion            |       |       |     1 |     5 ||     6
         Scroll            |       |       |    14 |     9 ||    23
   Stab: Distracted        |       |       |       |     1 ||     1
         Invisible         |       |       |       |     1 ||     1
 Armour: Robe              |    10 |    12 |    19 |    19 ||    60
         Skin              |       |       |     2 |       ||     2
  Dodge: Dodged            |    27 |    39 |    57 |    92 ||   215
  Block: Other             |       |       |       |    24 ||    24
         Reflection        |       |       |       |     4 ||     4

Table legend: (Time is in decaauts)
 A = Elapsed time spent in this place.
 B = Non-inter-level travel time spent in this place.
 C = Inter-level travel time spent in this place.
 D = Time resting spent in this place.
 E = Time spent auto-exploring this place.
 F = Levels seen in this place.
 G = Mean time per level.
                   A        B        C        D        E       F      G
               +--------+--------+--------+--------+--------+-----+--------+
         Total |  12817 |  12423 |    394 |   1537 |   8998 |  11 | 1165.2 |
       Dungeon |  11571 |  11182 |    389 |   1195 |   8396 |   9 | 1285.7 |
  Orcish Mines |   1245 |   1240 |      5 |    342 |    601 |   2 |  622.5 |
               +--------+--------+--------+--------+--------+-----+--------+

Top non-repeatable levels by time:
     D:8: 1747 daAuts
     D:4: 1681 daAuts
     D:6: 1437 daAuts
     D:7: 1433 daAuts
     D:1: 1223 daAuts
     D:5: 1201 daAuts
     D:9: 1102 daAuts
     D:2: 909 daAuts
     D:3: 837 daAuts
   Orc:1: 751 daAuts
   Orc:2: 493 daAuts
